 Dungeon Crawl Stone Soup version 0.30.0-19-g36f170ea60 (webtiles) character file.

Game seed: 1346082978740254278

79 monsoonserge the Charlatan (level 4, 0/32 HPs)
             Began as a Human Wanderer on May 31, 2023.
             Slain by a sleepcap (6 damage)
             ... on level 3 of the Dungeon.
             The game lasted 00:05:16 (1608 turns).

monsoonserge the Charlatan (Human Wanderer)         Turns: 1608, Time: 00:05:17

Health: 0/32       AC:  3    Str: 11    XL:     4   Next: 64%
Magic:  0/5        EV: 16    Int: 18    God:
Gold:   110        SH:  0    Dex: 10    Spells: 1/5 levels left

rFire   + . .        n - +0 dagger (drain)
rCold   . . .        (no shield)
rNeg    . . .        q - +0 leather armour
rPois   .            (no helmet)
rElec   .            (no cloak)
rCorr   .            (no gloves)
SInv    .            (no boots)
Will    .....        (no amulet)
Stlth   +            e - ring of protection from fire
HPRegen 0.25/turn    g - +5 ring of evasion
MPRegen 0.09/turn

%: no passive effects
@: very slightly contaminated
A: no striking features
a: no special abilities


You were on level 3 of the Dungeon.
You visited 1 branch of the dungeon, and saw 3 of its levels.

You collected 110 gold pieces.

Inventory:

Hand Weapons
 a - a +0 hand axe
 n - a +0 dagger of draining (weapon)
Armour
 q - a +0 leather armour (worn)
Jewellery
 e - a ring of protection from fire (left hand)
 g - a +5 ring of evasion (right hand)
 j - a ring of flight
 p - a ring of positive energy
Wands
 b - a wand of polymorph (6)
Scrolls
 c - a scroll of fog
 h - a scroll of identify {unknown}
 i - a scroll of teleportation {unknown}
 l - a scroll of fear {unknown}
Potions
 f - 3 potions of curing {unknown}
 k - a potion of heal wounds {unknown}
 m - 2 potions of resistance {unknown}
 o - a potion of invisibility {unknown}


   Skills:
 + Level 1.4 Fighting
 + Level 1.6 Axes
 * Level 1.1 Armour
 + Level 0.9 Dodging
 + Level 0.6 Stealth
 - Level 1.0 Spellcasting
 * Level 1.1 Conjurations
 + Level 3.5 Earth Magic
 + Level 3.5 Evocations


You had one spell level left.
You knew the following spells:

 Your Spells              Type           Power      Damage    Failure   Level
a - Sandblast             Erth           26%        2d8       6%          1
b - Stone Arrow           Conj/Erth      18%        3d8       30%         3

Your spell library contained the following spells:

 Spells                   Type           Power      Damage    Failure   Level
 Dazzling Flash           Conj/Hex       4%         N/A       54%         3
 Volatile Blastmotes      Fire/Tloc      0%         2d10      61%         3
 Leda's Liquefaction      Hex/Erth       3%         N/A       77%         4
 Iskenderun's Mystic Bla  Conj/Tloc      2%         2d3       91%         4
 Starburst                Conj/Fire      1%         6d3       100%        6


Dungeon Overview and Level Annotations

Branches:
Dungeon (3/15)

Altars:

Shops:
D:2 [


Message History

Confirm with . or Enter, or press ? or * to list all spells.
Aiming: Sandblast (safe; 6% risk of failure)
Press: ? - help, Shift-Dir - straight line, f - ball python
Aim: a ball python (constricting you, 80% to hit)
The blast of sand hits the ball python!
You kill the ball python!
The orc hits you with a +0 club. The sleepcap completely misses you.
Unknown command.
Casting: Sandblast (safe; 6% risk of failure)
Confirm with . or Enter, or press ? or * to list all spells.
Aiming: Sandblast (safe; 6% risk of failure)
Press: ? - help, Shift-Dir - straight line, f - sleepcap
Aim: a sleepcap (100% to hit)
You miscast Sandblast.
You are very lightly contaminated with residual magic.
Nothing appears to happen.
The orc misses you. The sleepcap releases spores at you.
You are engulfed in a cloud of soporific spores!
You fall asleep.
The orc hits you with a +0 club!
You wake up.
The sleepcap completely misses you.
Casting: Sandblast (safe; 6% risk of failure)
Confirm with . or Enter, or press ? or * to list all spells.
Aiming: Sandblast (safe; 6% risk of failure)
Press: ? - help, Shift-Dir - straight line, f - orc, p - sleepcap
Aim: an orc, wielding a +0 club (82% to hit)
The blast of sand hits the orc!
You kill the orc!
The sleepcap misses you.
Unknown command.
Casting: Sandblast (safe; 6% risk of failure)
Confirm with . or Enter, or press ? or * to list all spells.
You don't have enough magic to cast this spell.
Unknown command.
You closely miss the orc. The sleepcap misses you. The orc misses you.
You closely miss the orc. The sleepcap completely misses you.
The orc hits you with a +0 falchion.
* * * LOW HITPOINT WARNING * * *
You closely miss the orc. The sleepcap releases spores at you.
You die...

.......
.......
.......
.(.....
.......
.)..... ##f..#
#### ##@o#
#.[###...#
#........#
#.......##
###....##
##..#..##
###...#...#
#.......#.# #
####.##..###.#


You could see a sleepcap and an orc.

Vanquished Creatures
  An orc wizard (D:3)
  2 adders (D:2)
  2 orcs (D:3)
  3 ball pythons
  4 bats
  2 endoplasms (D:1)
  2 giant cockroaches
  2 hobgoblins (D:1)
  3 quokkas
  5 frilled lizards
  7 kobolds
  4 rats
37 creatures vanquished.

Notes
Turn   | Place    | Note
-------+----------+-------------------------------------------
     0 | D:1      | monsoonserge the Human Wanderer began the quest for the
                  | Orb.
     0 | D:1      | monsoonserge set off with the following items: a +0 hand
                  | axe, a wand of polymorph (6), a scroll of fog, a +0 robe;
                  | and the following spell memorised: Sandblast; and the
                  | following spells available to memorise: Stone Arrow, Leda's
                  | Liquefaction.
     0 | D:1      | Reached XP level 1. HP: 15/15 MP: 2/2
   180 | D:1      | Reached XP level 2. HP: 21/21 MP: 3/3
   497 | D:1      | Reached XP level 3. HP: 26/26 MP: 2/4
   508 | D:1      | Learned a level 3 spell: Stone Arrow
  1087 | D:2      | Found Mat Kaix's Armour Shoppe.
  1124 | D:2      | Reached XP level 4. HP: 22/32 MP: 5/5
  1602 | D:3      | Reached skill level 1 in Conjurations
  1608 | D:3      | Slain by a sleepcap

Illustrated notes

Levels and vault maps discovered:
D:1:      wander_arrival_fairy_ring, layout_basic, corexii_leaking_fountain
D:2:      layout_basic, serial_glass, glass_columns_a, glass_columns_b,
          glass_columns_b, glass_columns_b, glass_columns_a, glass_columns_a,
          serial_shops, nicolae_shop_trees, chequers_serial_rivers_micro_d,
          minmay_tree_intersection, minmay_misc_feat_four_crosses,
          minmay_distorted
D:3:      layout_rooms, nicolae_overflow_quartered_altars,
          ebering_ghost_reflecting_pool, minmay_misc_feat_square

Skill      XL: |  1  2  3  4 |
---------------+-------------+-----
Conjurations   | 1 |  1.1
Fighting       | |  1.4
Axes           | |  1.6
Armour         | |  1.1
Dodging        | |  0.9
Stealth        | |  0.6
Spellcasting   | |  1.0
Earth Magic    | |  3.5
Evocations     | |  3.5

Action                     |  1- 3 |  4- 6 || total
---------------------------+-------+-------++-------
  Melee: Hand axe          |    88 |     2 ||    90
         Dagger            |       |    12 ||    12
   Cast: Sandblast         |    12 |     6 ||    18
   Stab: Sleeping          |     3 |       ||     3
 Armour: Robe              |    20 |     2 ||    22
         Leather armour    |       |     2 ||     2
  Dodge: Dodged            |    75 |    18 ||    93
